 Dungeon Crawl Stone Soup version 0.23.2-40-g277498a001 (webtiles) character file.

Game seed: 1164883828923030688

1 BigDickFurry666 the Charmwright (level 1, 0/9 HPs)
             Began as a Felid Skald on Aug 17, 2019.
             Slain by a rat (3 damage)
             ... on level 1 of the Dungeon.
             The game lasted 00:07:33 (338 turns).

BigDickFurry666 the Charmwright (Felid Skald)        Turns: 338, Time: 00:07:34

Health: 0/9        AC:  1    Str:  7    XL:     1   Next: 16%
Magic:  3/4        EV: 18    Int: 14    God:
Gold:   25         SH:  0    Dex: 15    Spells: 3/4 levels left
                                        Lives:  0   Deaths: 0

rFire    . . .     SeeInvis +     - Unarmed
rCold    . . .     Gourm    .   (shield unavailable)
rNeg     . . .     Faith    .   (armour unavailable)
rPois    .         Spirit   .   (helmet unavailable)
rElec    .         Reflect  .   (cloak unavailable)
rCorr    .         Harm     .   (gloves unavailable)
MR       .....                  (boots unavailable)
Stlth    ++........             (no amulet)
HPRegen  0.03/turn              (no ring)
MPRegen  0.09/turn              (no ring)

@: infused, quick
A: very small, no armour, no weapons or thrown items, stealth, claws 1, fangs 3,
see invisible, carnivore, speed 1, shaggy fur 1, slow metabolism 1, sharp paws
a: no special abilities


You were on level 1 of the Dungeon.
You were not hungry.

You visited 1 branch of the dungeon, and saw 1 of its levels.

You collected 25 gold pieces.

Inventory:

Hand Weapons
 l - a +0 club
Missiles
 d - 21 sling bullets
Armour
 a - a +0 leather armour
 f - a +0 chain mail
Jewellery
 g - an uncursed ring of ice {unknown}
Scrolls
 e - a scroll of amnesia {unknown}
 h - 2 scrolls of remove curse {unknown}
 i - a scroll of teleportation {unknown}
 j - a scroll of blinking {unknown}
Potions
 c - a potion of magic {unknown}
Comestibles
 b - 3 rations
 k - a chunk of flesh


   Skills:
 - Level 2.0 Fighting
 - Level 3.2 Dodging
 + Level 2.1 Unarmed Combat
 - Level 2.0 Spellcasting
 - Level 3.6 Charms


You had 3 spell levels left.
You knew the following spells:

 Your Spells              Type           Power        Failure   Level  Hunger
a - Infusion              Chrm           ##..         5%          1    ##.....

Your spell library contained the following spells:

 Spells                   Type           Power        Failure   Level  Hunger
 Song of Slaying          Chrm           ##......     9%          2    ###....
 Shroud of Golubria       Chrm/Tloc      #.........   17%         2    ###....
 Regeneration             Chrm/Necr      #.........   34%         3    ####...
 Spectral Weapon          Hex/Chrm       Unusable     N/A         3    N/A

Dungeon Overview and Level Annotations

Branches:
Dungeon (1/15)

Altars:


Innate Abilities, Weirdness & Mutations

You cannot wear armour.
You are incapable of wielding weapons or throwing items.
Your paws allow you to move quietly. (Stealth)
You have sharp claws.
You have razor-sharp teeth.
You have supernaturally acute eyesight. (SInv)
You are carnivorous and can eat meat at any time.
You cover ground quickly.
You are covered in fur. (AC +1)
You have a slow metabolism.
Your sharp claws are effective at attacking unaware monsters.


Message History

You see here a club.
There isn't anything to butcher here.
l - a club
Found a scroll labeled ASKUWE HOXAEGU.
A dart slug comes into view.
Found a ration.
The dart slug launches a dart at you. The slug dart hits you!
Ouch! That really hurt!
* * * LOW HITPOINT WARNING * * *
You see here a frilled lizard skeleton.
A rat comes into view.
Casting: Infusion (safe; 5% risk of failure)
Confirm with . or Enter, or press ? or * to list all spells.
You begin infusing your attacks with magical energy.
You are too injured to fight recklessly!
You are too injured to fight recklessly!
You are too injured to fight recklessly!
You barely miss the rat. The rat bites you.
You die...

#. #.# % . #.# # w #. #.# .#
# ?# #. #.##.# #. .###..
#.... .###......# #..# #
....#.#...######..#.# #.#
#........r@.........# #.#
#.#####...######.#### #.#
#.# #### #.# #.# #
#.##############.######.###
#............รท.............
#################.#####....
#.......... ###########


You could see a rat.

Vanquished Creatures
  A frilled lizard (D:1)
  A rat (D:1)
2 creatures vanquished.

Notes
Turn   | Place    | Note
-------+----------+-------------------------------------------
     0 | D:1      | BigDickFurry666 the Felid Skald began the quest for the
                  | Orb.
     0 | D:1      | Reached XP level 1. HP: 9/9 MP: 4/4
   338 | D:1      | Slain by a rat

Action                   || total
-------------------------++-------
Melee: Unarmed           ||     3
 Cast: Infusion          ||     2
 Stab: Sleeping          ||     1
